 Dungeon Crawl Stone Soup version 0.18-a0-1035-g72c9994 (webtiles) character file.

3915 filipzpl the Fighter (level 10, -6/105 HPs)
             Began as a Gargoyle Berserker on Jan 9, 2016.
             Was an Elder of Trog.
             Killed from afar by a lava snake (13 damage)
             ... with a glob of lava
             ... on level 8 of the Dungeon.
             The game lasted 00:19:48 (8680 turns).

filipzpl the Fighter (Gargoyle Berserker)           Turns: 8680, Time: 00:19:48

Health: -6/105     AC: 17    Str: 30    XL:     10   Next: 20%
Magic:  10/10      EV:  8    Int:  7    God:    Trog [****..]
Gold:   417        SH:  0    Dex: 11    Spells: 0 memorised, 9 levels left

rFire  . . .     SeeInvis .     w - +0 dire flail
rCold  . . .     Gourm    .     C - +0 plate armour
rNeg   + . .     Faith    .     (shield currently unavailable)
rPois  ∞         Spirit   .     (no helmet)
rElec  +         Dismiss  .     (no cloak)
rCorr  .         Reflect  .     (no gloves)
SustAt .         Harm     .     (no boots)
MR     .....                    p - amulet of rage
Stlth  ..........               (no ring)
                                v - +2 ring of dexterity

@: berserking, very quick, not resistant to hostile enchantments, extremely
unstealthy
A: negative energy resistance 1, electricity resistance, unbreathing,
petrification resistance, rot immunity, AC +7
a: Berserk, Trog's Hand, Brothers in Arms, Burn Spellbooks, Renounce Religion,
Evoke Berserk Rage


You were on level 8 of the Dungeon.
You worshipped Trog.
Trog was greatly pleased with you.
You were not hungry.

You visited 1 branch of the dungeon, and saw 8 of its levels.
You also visited: Sewer.

You collected 417 gold pieces.

Inventory:

Hand Weapons
 w - a +0 dire flail (weapon)
Armour
 C - a +0 plate armour (worn)
Jewellery
 p - an amulet of rage (around neck)
 v - a +2 ring of dexterity (left hand)
Wands
 t - a wand of confusion (12/48)
 y - a wand of flame (43/48)
Scrolls
 d - a scroll of enchant armour {unknown}
 e - 2 scrolls of amnesia
 f - 2 scrolls of remove curse
 i - 5 scrolls of identify
 k - 3 scrolls of teleportation
 l - 2 scrolls of recharging
 q - a scroll of magic mapping
Potions
 a - a potion of beneficial mutation {unknown}
 b - a potion of invisibility {unknown}
 c - 4 potions of curing
 g - a potion of berserk rage {unknown}
 h - 2 potions of might {unknown}
 j - 4 potions of flight
 m - a potion of cure mutation {unknown}
 n - 2 potions of degeneration {unknown}
 o - a potion of haste {unknown}
 r - 3 potions of poison {unknown}
 s - 2 potions of heal wounds {unknown}
 u - a potion of cancellation {unknown}
 B - 2 potions of brilliance {unknown}
Comestibles
 x - 2 bread rations


   Skills:
 * Level 11.4 Fighting
 * Level 10.6 Maces & Flails
 - Level 2.1 Armour
 - Level 1.5 Dodging


You had 9 spell levels left.
You didn't know any spells.

Dungeon Overview and Level Annotations

Branches:
Dungeon (8/15)             Temple (0/1) D:7
   Lair: D:8-11

Altars:
Cheibriados
Dithmenos
Elyvilon
Fedhas
Kikubaaqudgha
Okawaru
Pakellas
Qazlal
Ru
Trog
Xom
Yredelemnul
The Shining One

Shops:
D:8 [


Innate Abilities, Weirdness & Mutations

You are resistant to torment.
Your stone body is resilient (AC +7).
You are immune to poison.
You resist negative energy.
You are resistant to electric shocks.
You can survive without breathing.
You are immune to petrification.
You are immune to rotting.


Message History

The lava snake spits lava at you. The glob of lava hits you!
The lava snake spits lava at you. The glob of lava misses you.
The lava snake spits lava at you. The glob of lava hits you!
* * * LOW HITPOINT WARNING * * *
You continue eating.
The lava snake bites you but does no damage.
You continue eating.
The lava snake spits lava at you. The glob of lava misses you.
The glob of lava misses the lava snake.
The lava snake barely misses you.
You finish eating.
That bread ration really hit the spot!
A red film seems to cover your vision as you go berserk!
You feel yourself moving faster!
You feel mighty!
You feel somewhat more hungry. The lava snake spits lava at you.
The glob of lava hits you!
You die...

######.#
#§≈≈≈≈..§§§≈§###.##
.......#
#§≈§§§§..§≈≈≈≈≈##..#
.......#
≈≈≈≈§§§..≈≈≈≈≈≈≈##.#
.......#
≈§≈§§≈§..≈§§≈≈§≈≈#.#
.......#
≈§§≈≈≈≈..≈≈≈§≈≈≈≈#.#
######.#
§§§§≈≈8..8§≈§§≈≈≈#.# #.#
≈≈§≈§§§##.§≈≈§§≈≈#.# #.#
≈≈≈≈≈S§##.≈≈≈§§≈≈#.# #.#
≈§≈≈§§8@)8≈≈§≈§§§#.# #.#
≈§§≈≈≈≈SSS§≈§§§≈≈#.# #.#
§§§≈≈≈§§§§§≈§§§≈≈#.# #.
#.##§§≈§§§≈§§≈≈≈≈≈§≈##.#
...
#..##§§≈§§§≈≈≈≈≈≈≈§##..#
..#
##..##§§§≈§≈≈≈≈≈≈≈##..##
..#
##..##§≈≈≈≈≈≈≈≈≈##..##
..# ##..##§≈≈≈≈≈≈§##..##
..+ ##..##########..##


You could see 4 lava snakes.

Vanquished Creatures
  Maurice (D:8)
  Joseph (D:8)
  Prince Ribbit (D:8)
  A wyvern (D:8)
  2 hungry ghosts (D:8)
  2 orc warriors (D:8)
  An ice beast (D:5)
  A slave (D:8)
  2 sky beasts
  A phantom (D:4)
  3 ogres
  4 centaurs
  A big kobold (Sewer)
  3 giant frogs
  2 scorpions (D:6)
  3 wights (D:6)
  A quasit (D:8)
  A crimson imp (D:8)
  4 hounds
  2 jellies (D:5)
  5 orc priests
  A giant frog skeleton (D:5)
  A gnoll shaman (D:6)
  3 orc wizards
  3 iguanas
  4 worker ants
  A killer bee zombie (D:6)
  2 hound zombies
  A hound skeleton (D:5)
  A mummy (D:4)
  9 adders
  6 gnolls (D:6)
  A river rat (Sewer)
  2 shadow imps (D:6)
  2 adder skeletons
  2 worms (D:4)
  5 giant geckos
  21 orcs
  5 bats
  7 giant cockroaches
  6 goblins
  A hobgoblin (D:3)
  5 jackals
  5 quokkas
  2 ball pythons
  3 giant gecko skeletons (D:4)
  3 giant newts (D:3)
  3 hobgoblin zombies (D:4)
  A jackal skeleton (D:5)
  8 kobolds
  A kobold zombie (D:4)
  A quokka skeleton (D:5)
  9 rats
167 creatures vanquished.

Vanquished Creatures (others)
  3 fungi (D:8)
  3 plants (D:8)
6 creatures vanquished.

Grand Total: 173 creatures vanquished

Notes
Turn   | Place    | Note
--------------------------------------------------------------
     0 | D:1      | filipzpl the Gargoyle Berserker began the quest for the Orb.
     0 | D:1      | Reached XP level 1. HP: 14/14 MP: 1/1
   482 | D:1      | Reached XP level 2. HP: 19/19 MP: 2/2
   901 | D:2      | Found an iron altar of Okawaru.
   967 | D:2      | Found a faded altar to an unknown god.
  1057 | D:2      | Reached XP level 3. HP: 24/24 MP: 3/3
  1337 | D:3      | Reached ** piety under Trog
  1338 | D:3      | Reached skill level 4 in Maces & Flails
  1391 | D:3      | Reached XP level 4. HP: 7/29 MP: 4/4
  1811 | D:3      | Found a glowing drain.
  1815 | Sewer    | Entered a sewer
  2000 | Sewer    | Noticed a big kobold
  2051 | Sewer    | Killed a big kobold
  2051 | Sewer    | Reached skill level 5 in Fighting
  2051 | Sewer    | Reached XP level 5. HP: 14/35 MP: 5/5
  2117 | Sewer    | Found a white marble altar of Elyvilon.
  2435 | D:3      | Reached skill level 5 in Maces & Flails
  2519 | D:3      | Found a shadowy altar of Dithmenos.
  2522 | D:3      | Found a bloodstained altar of Trog.
  2525 | D:3      | Found a stormy altar of Qazlal.
  2908 | D:4      | Reached XP level 6. HP: 25/40 MP: 6/6
  3021 | D:4      | Noticed a phantom
  3077 | D:4      | Killed a phantom
  3398 | D:4      | Reached skill level 6 in Fighting
  3406 | D:4      | Reached XP level 7. HP: 46/46 MP: 7/7
  3412 | D:4      | Reached *** piety under Trog
  3416 | D:4      | Found a blossoming altar of Fedhas.
  3416 | D:4      | Found an ancient bone altar of Kikubaaqudgha.
  3634 | D:4      | Found a white marble altar of Elyvilon.
  3721 | D:4      | Found a basalt altar of Yredelemnul.
  3767 | D:5      | Entered Level 5 of the Dungeon
  3894 | D:5      | Reached skill level 7 in Fighting
  4016 | D:5      | Reached XP level 8. HP: 47/53 MP: 8/8
  4696 | D:5      | Found a shimmering altar of Xom.
  4802 | D:5      | Reached skill level 8 in Fighting
  5040 | D:6      | Found a glowing golden altar of the Shining One.
  5052 | D:6      | Found an oddly glowing altar of Pakellas.
  5638 | D:6      | Reached skill level 9 in Fighting
  6207 | D:6      | Reached XP level 9. HP: 57/60 MP: 9/9
  6421 | D:7      | Found a snail-covered altar of Cheibriados.
  6714 | D:7      | Found a staircase to the Ecumenical Temple.
  6927 | D:8      | Found Ferap's Armour Emporium.
  7055 | D:8      | Reached **** piety under Trog
  7078 | D:8      | Reached skill level 10 in Fighting
  7357 | D:8      | Noticed Prince Ribbit
  7360 | D:8      | Noticed Joseph
  7411 | D:8      | Noticed Maurice
  7414 | D:8      | Killed Prince Ribbit
  7417 | D:8      | Killed Joseph
  7417 | D:8      | Reached skill level 10 in Maces & Flails
  7437 | D:8      | Killed Maurice
  7437 | D:8      | Reached skill level 11 in Fighting
  7437 | D:8      | Reached XP level 10. HP: 54/70 MP: 10/10
  7865 | D:8      | HP: 3/70 [orc warrior/glaive (5)]
  8250 | D:8      | Found a sacrificial altar of Ru.
  8680 | D:8      | Killed from afar by a lava snake

Vault maps used:
D:1:      lemuel_arrival_river_ford, minivault_23, hangedman_feature_mirror,
          minmay_misc_feat_rugged
D:2:      lemuel_doored_altar, ecumenical_altar_1
D:3:      grunt_temple_overflow_diamond, gup_sewer_entry_bowl
D:4:      kennysheep_ying_yang, grunt_temple_overflow_growth_and_decay,
          minmay_mini_ossuary
D:5:      first_bread, basic_altar, serial_corexii_hall, corexii_hall_statues_x,
          corexii_hall_statues_x
D:6:      grunt_pakellas_salt, old_standard_altar, st_stairs_7
D:7:      nicolae_overflow_crystal_walls, minmay_temple_entry_poolview
D:8:      kennysheep_big_flooded_room, nicolae_ru_the_path_less_chosen,
          serial_shops, nicolae_shop_trees, uniq_prince_ribbit1, uniq_pikel,
          uniq_joseph, uniq_maurice
Sewer:    sewer_kobolds

Action                   |  1- 3 |  4- 6 |  7- 9 | 10-12 || total
-------------------------+-------+-------+-------+-------++-------
Melee: Mace              |    90 |   265 |    77 |       ||   432
       Morningstar       |       |       |   195 |       ||   195
       Dire flail        |       |       |    82 |    70 ||   152
Invok: Berserk           |     1 |     2 |     4 |     1 ||     8
  Use: Scroll            |       |       |    15 |     1 ||    16
       Potion            |       |       |       |     1 ||     1
  Eat: Bread ration      |     1 |       |     1 |     1 ||     3
       Chunk             |       |     2 |     6 |       ||     8
       Beef jerky        |       |     1 |     1 |     1 ||     3
       Meat ration       |       |     1 |     2 |       ||     3
